[Event "Thursday 18 January Rapid Engine Tour 12+1 Rounds 9 Starts 1600 ST"]
[Site "Infinity Chess"]
[Date "2018.1.18"]
[Round "5"]
[White "RonWeasley"]
[Black "KhalidOmar"]
[Result "1/2-1/2"]
[ECO "C55"]
[WhiteElo "2454"]
[BlackElo "2455"]
[WhiteEngine "BrainFish 130117_CTG"]
[BlackEngine "Eman SL 1.63 64-bit BMI2"]
[EventType "Swiss"]
[WhiteTeam ""]
[BlackTeam ""]
[PlyCount "85"]
[TimeControl "720+1"]

1. e4 e5 2. Nf3 Nc6 3. Bc4 Nf6 4. d3 Bc5 5. c3 a5 6. Bg5 h6 7. Bh4 g5 8. Bg3 d6 
9. O-O O-O 10. Na3 Ne7 11. Nc2 Bb6 12. Re1 Ng6 13. d4 Re8 14. dxe5 dxe5 
15. Qxd8 Rxd8 16. h4 gxh4 17. Nxh4 Kg7 18. Nxg6 Kxg6 19. Ne3 Nxe4 20. Bxe5 c6 
21. a4 Rd2 22. f3 Ng5 23. Kh1 Be6 24. Bxe6 Bxe3 25. Bc4 Bf2 26. Re2 Rxe2 
27. Bxe2 Re8 28. Bd3+ f5 29. Bc7 Ne6 30. Bxa5 Nc5 31. Bc4 Nxa4 32. Rxa4 b5 
33. Rb4 c5 34. Rxb5 Re1+ 35. Kh2 f4 36. Rb6+ Kg5 37. g4 fxg3+ 38. Kh3 Rh1+ 
39. Kg2 Rh2+ 40. Kf1 Rh1+ 41. Kg2 Rh2+ 42. Kf1 Rh1+ 43. Kg2 1/2-1/2

[Event "Thursday 18 January Rapid Engine Tour 12+1 Rounds 9 Starts 1600 ST"]
[Site "Infinity Chess"]
[Date "2018.1.18"]
[Round "5"]
[White "Eman"]
[Black "MGR"]
[Result "1/2-1/2 "]
[ECO "D30"]
[WhiteElo "2466"]
[BlackElo "2479"]
[WhiteEngine "Eman SL 1.63 64-bit POPCNT"]
[BlackEngine "asmFishW_2017-11-19_bmi2"]
[EventType "Swiss"]
[WhiteTeam ""]
[BlackTeam ""]
[PlyCount "142"]
[TimeControl "720+1"]

1. d4 d5 2. c4 e6 3. Nf3 Nf6 4. Nc3 c6 5. e3 Nbd7 6. Qc2 Bd6 7. Bd3 O-O 
8. O-O dxc4 9. Bxc4 a6 10. Rd1 b5 11. Bd3 Bb7 12. Ng5 h6 13. Nge4 Bc7 14. b4 a5 
15. bxa5 Qe7 16. Rb1 Bxa5 17. Qb3 Nxe4 18. Nxe4 Bc7 19. Bb2 c5 20. Nxc5 Nxc5 
21. dxc5 Qxc5 22. Rbc1 Qg5 23. g3 Bd5 24. Qc3 Ba5 25. Qc2 Qg4 26. Bh7+ Kh8 
27. Rd4 Qf3 28. Be4 Bxe4 29. Qxe4 Qxe4 30. Rxe4 Kh7 31. Kg2 g5 32. h4 Rfc8 
33. Rxc8 Rxc8 34. hxg5 Rc2 35. Bd4 hxg5 36. Re5 Be1 37. Rxb5 Rxf2+ 38. Kg1 Rxa2 
39. Rxg5 Kh6 40. Rg4 Ra5 41. Kf1 Bb4 42. e4 e5 43. Be3+ Kh7 44. Rh4+ Kg7 
45. Rh5 f6 46. Kf2 Kg6 47. Rh6+ Kg7 48. Rh4 Be7 49. Kf3 Bc5 50. Bxc5 Rxc5 
51. Kg4 Kg6 52. Rh8 Kf7 53. Rb8 Kg6 54. Rg8+ Kf7 55. Rh8 Ke7 56. Rh7+ Ke6 
57. Ra7 Rc1 58. Ra3 Kf7 59. Ra6 Kg6 60. Ra8 Rc3 61. Ra4 Kg7 62. Ra5 Kf8 
63. Ra7 Rd3 64. Rc7 Re3 65. Rc8+ Ke7 66. Rh8 Rxe4+ 67. Kf5 Re1 68. Rh7+ Kd6 
69. Kxf6 Rf1+ 70. Kg5 e4 71. Rh6+ Kd5 1/2-1/2

[Event "Thursday 18 January Rapid Engine Tour 12+1 Rounds 9 Starts 1600 ST"]
[Site "Infinity Chess"]
[Date "2018.1.18"]
[Round "5"]
[White "Katzenmaier"]
[Black "hafaba"]
[Result "1/2-1/2"]
[ECO "A06"]
[WhiteElo "2486"]
[BlackElo "2475"]
[WhiteEngine "S_XPrO.251117.x64.POPCNT_CTG"]
[BlackEngine "Stockfish SL 07012018 POPCNT_CTG"]
[EventType "Swiss"]
[WhiteTeam ""]
[BlackTeam ""]
[PlyCount "71"]
[TimeControl "720+1"]

1. Nf3 d5 2. d4 Bf5 3. c4 e6 4. Nc3 Nc6 5. cxd5 exd5 6. Bf4 Bd6 7. Nxd5 Be4 
8. Bxd6 Qxd6 9. Nc3 Bxf3 10. gxf3 Qxd4 11. Qb3 Qb6 12. Qxb6 axb6 13. O-O-O Nf6 
14. f4 Ke7 15. Bg2 Ra5 16. Rhg1 Rh5 17. h3 g6 18. a3 Nd8 19. e3 c6 20. Rh1 Rh4 
21. Rd4 Ne6 22. Rb4 b5 23. Kc2 Nc5 24. a4 bxa4 25. Nxa4 Nxa4 26. Rxa4 Kd6 
27. b4 Kc7 28. Kb3 Rh5 29. Bf3 Rf5 30. Rc1 Rd8 31. h4 Rd3+ 32. Rc3 Rd2 
33. Rc2 Rd3+ 34. Rc3 Rd2 35. Rc2 Rd3+ 36. Rc3 1/2-1/2

[Event "Thursday 18 January Rapid Engine Tour 12+1 Rounds 9 Starts 1600 ST"]
[Site "Infinity Chess"]
[Date "2018.1.18"]
[Round "5"]
[White "Harry_Potter"]
[Black "xeonrocks"]
[Result "0-1"]
[ECO "C55"]
[WhiteElo "2490"]
[BlackElo "2512"]
[WhiteEngine "Stockfish_18011309_x64_bmi2_CTG"]
[BlackEngine "asmFishW_CTG"]
[EventType "Swiss"]
[WhiteTeam ""]
[BlackTeam ""]
[PlyCount "46"]
[TimeControl "720+1"]

1. e4 e5 2. Nf3 Nc6 3. Bc4 Nf6 4. d3 Bc5 5. c3 a5 6. O-O d6 7. Bg5 O-O 8. a4 h6 
9. Bh4 g5 10. Bg3 Kg7 11. Nbd2 Ba7 12. Nb3 Ne7 13. Nxa5 Ng6 14. b4 h5 15. h4 Bg4 
16. hxg5 Nh7 17. d4 Nxg5 18. Be2 Nxe4 19. Rc1 Nxg3 20. fxg3 Qe7 21. Qd2 c6 
22. Rce1 f5 23. Nc4 Bxf3 0-1

[Event "Thursday 18 January Rapid Engine Tour 12+1 Rounds 9 Starts 1600 ST"]
[Site "Infinity Chess"]
[Date "2018.1.18"]
[Round "5"]
[White "Neoxium"]
[Black "Marsell"]
[Result "1/2-1/2"]
[ECO "A09"]
[WhiteElo "2481"]
[BlackElo "2497"]
[WhiteEngine "SF SL FA-IDeA"]
[BlackEngine "asmFishW_2018-01-11_popcnt"]
[EventType "Swiss"]
[WhiteTeam ""]
[BlackTeam ""]
[PlyCount "54"]
[TimeControl "720+1"]

1. Nf3 d5 2. c4 e6 3. d4 Nf6 4. Nc3 c6 5. e3 Nbd7 6. Be2 Bd6 7. b3 O-O 8. Bb2 b6 
9. Qc2 Bb7 10. O-O Qe7 11. Rfe1 h6 12. cxd5 cxd5 13. Nb5 Rfc8 14. Qd3 Bb4 
15. Rec1 Rxc1+ 16. Rxc1 Qd8 17. a3 Bf8 18. Qd1 a6 19. Nc7 Ra7 20. Qc2 Bd6 
21. Ne5 Qe7 22. Bd3 Ne4 23. a4 Qd8 24. Nf3 Ndf6 25. Ne5 Nd7 26. Bf1 Nb8 
27. Bd3 Nd7 1/2-1/2

[Event "Thursday 18 January Rapid Engine Tour 12+1 Rounds 9 Starts 1600 ST"]
[Site "Infinity Chess"]
[Date "2018.1.18"]
[Round "5"]
[White "Gilgamesch"]
[Black "Vimtiroba"]
[Result "1/2-1/2"]
[ECO "C50"]
[WhiteElo "2506"]
[BlackElo "2508"]
[WhiteEngine "BrainFish_171005_x64_bmi2"]
[BlackEngine "SF@Infinity_CTG"]
[EventType "Swiss"]
[WhiteTeam ""]
[BlackTeam ""]
[PlyCount "74"]
[TimeControl "720+1"]

1. e4 e5 2. Nf3 Nc6 3. Bc4 Bc5 4. a4 Nf6 5. Nc3 O-O 6. d3 a5 7. Nd5 Nxd5 
8. Bxd5 d6 9. O-O Qf6 10. c3 Kh8 11. h3 h6 12. Bb3 g5 13. Nh2 Qg7 14. Be3 Qg6 
15. Qe2 Bd7 16. Ng4 b6 17. Bc4 h5 18. Nh2 Rad8 19. Bb5 Rg8 20. g3 g4 
21. Bxc5 bxc5 22. hxg4 hxg4 23. Kg2 Kg7 24. Rh1 Rdf8 25. Qe3 f5 26. exf5 Qxf5 
27. f3 gxf3+ 28. Nxf3 Qg6 29. Nh4 Qg4 30. Raf1 Rxf1 31. Rxf1 Rf8 32. Rxf8 Kxf8 
33. Qh6+ Qg7 34. Qe3 Qg4 35. Qh6+ Qg7 36. Qh5 Qf7 37. Qh6+ Qg7 1/2-1/2

[Event "Thursday 18 January Rapid Engine Tour 12+1 Rounds 9 Starts 1600 ST"]
[Site "Infinity Chess"]
[Date "2018.1.18"]
[Round "4"]
[White "star99"]
[Black "Satria_Ungu"]
[Result "1/2-1/2"]
[ECO "A40"]
[WhiteElo "2398"]
[BlackElo "2378"]
[WhiteEngine "Cryptic AIL V1"]
[BlackEngine "Houdini 6_CTG"]
[EventType "Swiss"]
[WhiteTeam ""]
[BlackTeam ""]
[PlyCount "139"]
[TimeControl "720+1"]

1. d4 c6 2. e4 d5 3. Nd2 dxe4 4. Nxe4 Bf5 5. Ng3 Bg6 6. c3 Nf6 7. Nf3 e6 
8. Bd3 Bxd3 9. Qxd3 Nbd7 10. O-O Be7 11. c4 Bd6 12. Re1 O-O 13. Bd2 h6 
14. Bc3 Bxg3 15. hxg3 Qc7 16. a4 Rfd8 17. b3 Rab8 18. Qc2 Rbc8 19. Rac1 b6 
20. Qb2 Ng4 21. Qe2 Ndf6 22. b4 Ne8 23. Nd2 Ngf6 24. Nb3 Nh7 25. Nd2 Nhf6 
26. Nb3 Nh7 27. Bd2 Nef6 28. Rc3 Qb8 29. g4 b5 30. axb5 cxb5 31. c5 Nd5 
32. Rg3 a6 33. Qd1 Qc7 34. Qa1 Ra8 35. Qb1 Ne7 36. Rh3 Rd5 37. f4 Rad8 
38. Rf1 Nf8 39. Qa2 Nc6 40. Bc3 Ng6 41. Qf2 f5 42. g5 hxg5 43. fxg5 f4 
44. Qe2 Qf7 45. Qe4 e5 46. dxe5 Ncxe5 47. Nd4 a5 48. Nxb5 axb4 49. Bxb4 Rd1 
50. Ra3 Rxf1+ 51. Kxf1 Rd1+ 52. Be1 Nc4 53. Ra8+ Kh7 54. Ke2 Qd5 55. Qxd5 Rxd5 
56. Rc8 Rxg5 57. Nd4 Rxg2+ 58. Bf2 Nge5 59. Rf8 g5 60. c6 f3+ 61. Nxf3 Nxc6 
62. Kf1 Rg4 63. Rf5 Kg6 64. Rc5 Nb4 65. Rxc4 Rxc4 66. Ne5+ Kf5 67. Nxc4 Ke4 
68. Nd2+ Kf5 69. Ke2 Nd5 70. Ba7 1/2-1/2

[Event "Thursday 18 January Rapid Engine Tour 12+1 Rounds 9 Starts 1600 ST"]
[Site "Infinity Chess"]
[Date "2018.1.18"]
[Round "4"]
[White "BraveDevil"]
[Black "OlivierEvan"]
[Result "1/2-1/2"]
[ECO "A40"]
[WhiteElo "2366"]
[BlackElo "2397"]
[WhiteEngine "Cryptic AIL V1"]
[BlackEngine "Houdini 6"]
[EventType "Swiss"]
[WhiteTeam ""]
[BlackTeam ""]
[PlyCount "147"]
[TimeControl "720+1"]

1. d4 c6 2. e4 e6 3. Be3 Qb6 4. Nd2 Qxb2 5. Ngf3 Qa3 6. c4 d5 7. exd5 cxd5 
8. cxd5 exd5 9. Bb5+ Bd7 10. Qe2 Be7 11. O-O Nf6 12. Bf4 Bxb5 13. Qxb5+ Nbd7 
14. Rfe1 O-O 15. Re3 Qb4 16. Rb1 Qxb5 17. Rxb5 Bd8 18. Rxb7 Bb6 19. Nb3 Rfc8 
20. Re7 Rc2 21. a4 Rb2 22. Nfd2 Ra2 23. Rexd7 Nxd7 24. Rxd7 Rd8 25. Rb7 Rxa4 
26. g3 h6 27. Kg2 Rb4 28. Bc7 Rd7 29. Rb8+ Kh7 30. Bxb6 axb6 31. Kf3 Rc7 
32. Kf4 Re7 33. Rd8 Rb5 34. Kf3 Rc7 35. Re8 g5 36. Ke2 Rc3 37. Re3 Rxe3+ 
38. Kxe3 Kg6 39. Kd3 Rb4 40. Na1 Kf5 41. Nc2 Rb5 42. f3 Ke6 43. Kc3 Ra5 
44. Nb1 h5 45. Kb4 h4 46. Nc3 Ra8 47. Ne3 h3 48. Kb3 Ra1 49. Ncd1 f6 50. Kb2 Ra4 
51. Nc2 Rc4 52. Nc3 Kd6 53. Kb3 Ke6 54. Ne2 Rc8 55. Ne3 Ra8 56. Kb2 b5 
57. g4 Kd6 58. Ng3 Rb8 59. Ngf5+ Ke6 60. Ng7+ Kf7 61. Ngf5 Ke6 62. Nc2 Kd7 
63. Nfe3 Re8 64. Kb3 Kd6 65. Kc3 b4+ 66. Kb2 Rb8 67. Kb3 Rc8 68. Nxb4 Rc1 
69. Nf5+ Ke6 70. Ng3 Rb1+ 71. Kc3 Rc1+ 72. Kb3 Rd1 73. Kc3 Rc1+ 74. Kb3 1/2-1/2

[Event "Thursday 18 January Rapid Engine Tour 12+1 Rounds 9 Starts 1600 ST"]
[Site "Infinity Chess"]
[Date "2018.1.18"]
[Round "4"]
[White "Dovahkiin"]
[Black "Zor"]
[Result "1/2-1/2"]
[ECO "A00"]
[WhiteElo "2420"]
[BlackElo "2432"]
[WhiteEngine "BrainFish_180113_x64_modern_CTG"]
[BlackEngine "Cryptic AIL V1"]
[EventType "Swiss"]
[WhiteTeam ""]
[BlackTeam ""]
[PlyCount "67"]
[TimeControl "720+1"]

1. e3 e5 2. e4 Nf6 3. Nc3 Bb4 4. Nf3 O-O 5. Nxe5 d5 6. Nd3 Bxc3 7. dxc3 dxe4 
8. Nf4 Qxd1+ 9. Kxd1 Rd8+ 10. Ke1 Nc6 11. Ne2 h6 12. Ng3 a5 13. f3 Re8 
14. Kf2 Bd7 15. Bb5 exf3 16. gxf3 Rad8 17. Rd1 Ne5 18. Bxd7 Nfxd7 19. h4 Nf8 
20. Rxd8 Rxd8 21. f4 Ng4+ 22. Kf3 h5 23. Nxh5 Nh6 24. Ng3 Ng6 25. h5 Nh4+ 
26. Ke2 Re8+ 27. Kf1 a4 28. Bd2 a3 29. bxa3 Ng4 30. Re1 Nh2+ 31. Kf2 Ng4+ 
32. Kf1 Nh2+ 33. Kf2 Ng4+ 34. Kf1 1/2-1/2

[Event "Thursday 18 January Rapid Engine Tour 12+1 Rounds 9 Starts 1600 ST"]
[Site "Infinity Chess"]
[Date "2018.1.18"]
[Round "4"]
[White "angriff"]
[Black "Thinker"]
[Result "1/2-1/2"]
[ECO "C50"]
[WhiteElo "2453"]
[BlackElo "2449"]
[WhiteEngine "Raubfisch ME262_GTZ16b2_CTG"]
[BlackEngine "BrainFish_180113_x64_modern_CTG"]
[EventType "Swiss"]
[WhiteTeam ""]
[BlackTeam ""]
[PlyCount "114"]
[TimeControl "720+1"]

1. e4 e5 2. Nf3 Nc6 3. Bc4 Bc5 4. O-O Nf6 5. d3 d6 6. c3 O-O 7. Re1 a5 
8. Nbd2 h6 9. Nf1 a4 10. h3 Ra5 11. d4 Bb6 12. Ng3 exd4 13. cxd4 Nxe4 
14. Nxe4 d5 15. Bd2 Ra8 16. Bxd5 Qxd5 17. Bxh6 Nxd4 18. Be3 c5 19. Bxd4 cxd4 
20. Nc3 Qd6 21. Nxa4 Ba7 22. Nc3 Bxh3 23. Qd3 Bg4 24. Nb5 Qf6 25. Nxa7 Bxf3 
26. Qxf3 Qxf3 27. gxf3 Rxa7 28. Re7 Rc8 29. Rd7 Rc2 30. b3 Rcxa2 31. Rxa2 Rxa2 
32. Rxd4 Ra1+ 33. Kg2 Ra6 34. Rd8+ Kh7 35. Rd7 Rb6 36. Rxf7 Rxb3 37. f4 b5 
38. f5 b4 39. Rb7 Kg8 40. Rb8+ Kf7 41. Rb6 Rb1 42. Kf3 b3 43. Rb7+ Kg8 
44. Ke4 b2 45. Rb8+ Kf7 46. Rb7+ Kg8 47. Kf3 Kf8 48. Kf4 Ke8 49. Kf3 Kd8 
50. Ke2 Kc8 51. Rb5 Kd7 52. Kd3 Rd1+ 53. Kc2 Rf1 54. Kxb2 Rxf2+ 55. Kb3 Ke7 
56. Kc3 Kf6 57. Kd4 Rxf5 1/2-1/2

[Event "Thursday 18 January Rapid Engine Tour 12+1 Rounds 9 Starts 1600 ST"]
[Site "Infinity Chess"]
[Date "2018.1.18"]
[Round "4"]
[White "KULLANI"]
[Black "fati64"]
[Result "1/2-1/2 "]
[ECO "D30"]
[WhiteElo "2450"]
[BlackElo "2484"]
[WhiteEngine "BrainFish_180113_x64_CTG"]
[BlackEngine "Raubfisch X37b3."]
[EventType "Swiss"]
[WhiteTeam ""]
[BlackTeam ""]
[PlyCount "101"]
[TimeControl "720+1"]

1. d4 d5 2. c4 e6 3. Nf3 Nf6 4. Nc3 c6 5. Bg5 h6 6. Bxf6 Qxf6 7. e3 Nd7 
8. Be2 g6 9. O-O Bg7 10. e4 dxe4 11. Nxe4 Qf4 12. Qc2 f5 13. Ned2 c5 14. g3 Qc7 
15. Nh4 Bxd4 16. Nxg6 Rg8 17. Nh4 Nf6 18. Ndf3 Rxg3+ 19. hxg3 Qxg3+ 20. Ng2 Ng4 
21. Qd2 Bxf2+ 22. Rxf2 Qxf2+ 23. Kh1 Bd7 24. Ne5 O-O-O 25. Nxg4 fxg4 26. Rd1 h5 
27. b3 b6 28. Qd3 Qf5 29. Kg1 Qxd3 30. Rxd3 Be8 31. Re3 Rd2 32. Nf4 Bf7 
33. Nxe6 Rxa2 34. Bd3 Bxe6 35. Rxe6 Ra3 36. Bg6 h4 37. Bf5 Kc7 38. Bxg4 Rxb3 
39. Kf2 Rc3 40. Re4 h3 41. Re7+ Kd6 42. Rxa7 Rxc4 43. Bxh3 b5 44. Rd7+ Ke5 
45. Bf1 Rf4+ 46. Ke2 b4 47. Bg2 b3 48. Rd5+ Kf6 49. Rxc5 b2 50. Rb5 b1=Q 
51. Rxb1 1/2-1/2

[Event "Thursday 18 January Rapid Engine Tour 12+1 Rounds 9 Starts 1600 ST"]
[Site "Infinity Chess"]
[Date "2018.1.18"]
[Round "4"]
[White "ocirema"]
[Black "RonWeasley"]
[Result "1/2-1/2"]
[ECO "E10"]
[WhiteElo "2426"]
[BlackElo "2455"]
[WhiteEngine "stockfish_18011309_x64_modern_CTG"]
[BlackEngine "BrainFish 130117_CTG"]
[EventType "Swiss"]
[WhiteTeam ""]
[BlackTeam ""]
[PlyCount "292"]
[TimeControl "720+1"]

1. d4 Nf6 2. c4 e6 3. Nf3 d5 4. Nc3 c6 5. Bg5 h6 6. Bxf6 Qxf6 7. e3 Nd7 
8. Be2 g6 9. O-O Be7 10. Qc2 O-O 11. Rad1 Qg7 12. a3 a6 13. Rfe1 b5 
14. cxd5 cxd5 15. a4 bxa4 16. Nxa4 Bb4 17. Rf1 Rb8 18. Qc7 Rb7 19. Qc2 Rb8 
20. Rc1 Qf6 21. Qc7 Rb7 22. Qc6 Ra7 23. Nb6 Nxb6 24. Qxb6 Qe7 25. Ne5 Rb7 
26. Qxa6 Bd6 27. Rc2 Ra7 28. Qb6 Rb7 29. Qa5 Bd7 30. Nd3 Rfb8 31. Ra1 Bb5 
32. Qd2 Bxd3 33. Bxd3 Rb6 34. g3 Kg7 35. Ra6 Rxa6 36. Bxa6 Rb6 37. Be2 h5 
38. Qc1 Qb7 39. Bd1 Kg8 40. h4 Kg7 41. Kg2 Qa8 42. Rc8 Qb7 43. Rc2 Qa8 
44. Be2 Qb8 45. Qa1 Rb7 46. Qa2 Ra7 47. Qb1 Rb7 48. Qc1 Rb6 49. Qa1 Rb7 
50. Qa2 Ra7 51. Qb1 Qb7 52. Bd1 Ra6 53. Rd2 Qb4 54. Qc2 Ra2 55. Qc1 Be7 
56. Rc2 Qb8 57. Be2 Qb3 58. Bd1 Qb8 59. Qd2 Ra1 60. Be2 Ra7 61. Qc1 Ra2 
62. Qb1 Qb3 63. Bf3 Bb4 64. Kh2 Bd6 65. Kh3 Ra6 66. Rc3 Qb7 67. Rc2 Ra4 
68. Kg2 Rb4 69. Qa1 Rb6 70. Be2 Qb8 71. Bf3 Qb7 72. Be2 Qb8 73. Bf1 Bf8 
74. Qc1 Qa8 75. Bd3 Bd6 76. Bf1 Bf8 77. Kh2 Bd6 78. Be2 Rb4 79. Kg2 Qa2 
80. Rd2 Qa5 81. Qc2 Rb6 82. Bd1 Qa2 83. b3 Qxc2 84. Rxc2 Ra6 85. Be2 Ra3 
86. Rb2 Bb4 87. g4 hxg4 88. Bxg4 Bc3 89. Rb1 Bb4 90. h5 Ra2 91. hxg6 Kxg6 
92. Bh3 Rc2 93. Kf3 Kf6 94. Bf1 Ra2 95. Be2 Ke7 96. Bb5 Kf6 97. Rc1 Ke7 
98. Ba4 Rb2 99. Rc7+ Kf8 100. Rc1 Ke7 101. Rh1 Kf6 102. Rh6+ Kg5 103. Rh1 Kf6 
104. Rd1 Bd6 105. Rf1 Rc2 106. Rd1 Ke7 107. Rb1 Kf6 108. Ra1 Rb2 109. Rc1 Bb4 
110. Rh1 Ke7 111. Kg2 Bd6 112. Ra1 Kf6 113. Rg1 Rc2 114. Rh1 Ra2 115. Rh5 Rb2 
116. Rh6+ Ke7 117. Rh8 Rc2 118. Kf3 Kf6 119. Bb5 Rb2 120. Ba4 Ke7 121. Kg2 Kf6 
122. Rh6+ Ke7 123. Rh5 Bb4 124. Rh1 Bd6 125. Kf3 Rc2 126. Rg1 Kf6 127. Rd1 Kg7 
128. Re1 Kf6 129. Re2 Rc1 130. Rb2 Ba3 131. Ra2 Bb4 132. Bd7 Ke7 133. Ra7 Rc2 
134. Ba4+ Kf8 135. Bb5 Be1 136. Be2 Rb2 137. b4 Rxb4 138. Ra8+ Kg7 139. Ra1 Bd2 
140. Bd3 Kf6 141. Ke2 Bc3 142. Ra2 Rb3 143. Bc2 Rb7 144. Bd3 Rb3 145. Bc2 Rb7 
146. Bd3 Rb3 1/2-1/2

[Event "Thursday 18 January Rapid Engine Tour 12+1 Rounds 9 Starts 1600 ST"]
[Site "Infinity Chess"]
[Date "2018.1.18"]
[Round "4"]
[White "Eman"]
[Black "Wolle"]
[Result "1/2-1/2"]
[ECO "C53"]
[WhiteElo "2466"]
[BlackElo "2460"]
[WhiteEngine "Eman SL 1.63 64-bit POPCNT"]
[BlackEngine "Raubfisch X37a2_CTG"]
[EventType "Swiss"]
[WhiteTeam ""]
[BlackTeam ""]
[PlyCount "84"]
[TimeControl "720+1"]

1. e4 e5 2. Nf3 Nc6 3. Bc4 Bc5 4. c3 Nf6 5. d4 exd4 6. e5 d5 7. Bb5 Ne4 
8. cxd4 Bb6 9. O-O Bg4 10. a4 a6 11. Bxc6+ bxc6 12. Be3 O-O 13. Nc3 f6 
14. Ne2 c5 15. a5 cxd4 16. axb6 dxe3 17. bxc7 exf2+ 18. Rxf2 Qd7 19. Rf1 Kh8 
20. Rc1 Rac8 21. Nf4 Rxc7 22. Rxc7 Qxc7 23. Nxd5 Qc6 24. Qd4 Bxf3 25. gxf3 Ng5 
26. exf6 gxf6 27. b4 Qd7 28. Kh1 Qd6 29. Qd3 Nh3 30. Qf5 Qe5 31. Qxe5 fxe5 
32. Kg2 Nf4+ 33. Nxf4 Rxf4 34. Re1 Rxb4 35. Rxe5 Rb2+ 36. Kh3 Kg7 37. Ra5 h5 
38. Kg3 h4+ 39. Kxh4 Rxh2+ 40. Kg5 Rh6 41. f4 Rg6+ 42. Kh4 Kh6 1/2-1/2

[Event "Thursday 18 January Rapid Engine Tour 12+1 Rounds 9 Starts 1600 ST"]
[Site "Infinity Chess"]
[Date "2018.1.18"]
[Round "4"]
[White "KhalidOmar"]
[Black "hafaba"]
[Result "1/2-1/2 "]
[ECO "A40"]
[WhiteElo "2454"]
[BlackElo "2476"]
[WhiteEngine "Eman SL 1.63 64-bit BMI2"]
[BlackEngine "Stockfish SL 07012018 POPCNT_CTG"]
[EventType "Swiss"]
[WhiteTeam ""]
[BlackTeam ""]
[PlyCount "181"]
[TimeControl "720+1"]

1. d4 c6 2. e4 d5 3. e5 c5 4. Nf3 cxd4 5. Nxd4 Nc6 6. c4 e6 7. Nc3 Bb4 
8. Nxc6 bxc6 9. Qa4 Rb8 10. cxd5 exd5 11. Qxc6+ Kf8 12. a3 Ne7 13. Qa4 Ba5 
14. b4 Qc7 15. Bb2 Qxe5+ 16. Be2 Bb6 17. Rd1 Bg4 18. O-O Bxe2 19. Rde1 Bb5 
20. Rxe5 Bxa4 21. Nxa4 f6 22. Nxb6 axb6 23. Re6 Kf7 24. Rfe1 Rb7 25. Rd6 Rc8 
26. Kf1 b5 27. Rc1 Rc4 28. Rd1 Rc2 29. Bd4 h5 30. g3 Rc6 31. Rd8 Rc8 
32. Rxc8 Nxc8 33. Bc5 Ke6 34. Re1+ Kf5 35. Rd1 Ke4 36. Kg2 Ke5 37. Rg1 Rd7 
38. Re1+ Kf5 39. Re8 Nd6 40. Bxd6 Rxd6 41. Rb8 d4 42. Rxb5+ Ke4 43. Kf1 Rc6 
44. Rb7 Ra6 45. Rxg7 Rxa3 46. Re7+ Kd3 47. Re6 Ra1+ 48. Kg2 Kc3 49. b5 d3 
50. b6 Rb1 51. Rc6+ Kd2 52. Kf3 Ke1 53. Re6+ Kd2 54. Rxf6 Kd1 55. Rc6 d2 
56. Kg2 Ke1 57. Re6+ Kd1 58. g4 hxg4 59. Rc6 Ke2 60. Re6+ Kd3 61. Rd6+ Kc2 
62. Rc6+ Kd3 63. Rd6+ Kc2 64. Rc6+ Kb3 65. b7 Rg1+ 66. Kxg1 d1=Q+ 67. Kg2 Qd8 
68. Rg6 Qd5+ 69. Kg1 Qxb7 70. Rxg4 Qd5 71. Rg6 Qd1+ 72. Kg2 Qd5+ 73. Kg1 Kc2 
74. h3 Kd2 75. Rg7 Qf3 76. Rg3 Qe4 77. Re3 Qb1+ 78. Kg2 Qa1 79. Rg3 Qb1 
80. Re3 Qb7+ 81. Kg1 Qg7+ 82. Kf1 Qa1+ 83. Kg2 Qa8+ 84. Kg1 Qa1+ 85. Kg2 Qb1 
86. Ra3 Qe4+ 87. Kh2 Qb1 88. Re3 Kd1 89. Kg2 Qa1 90. Kg1 Qb1 91. Kf1 1/2-1/2

[Event "Thursday 18 January Rapid Engine Tour 12+1 Rounds 9 Starts 1600 ST"]
[Site "Infinity Chess"]
[Date "2018.1.18"]
[Round "4"]
[White "MGR"]
[Black "Harry_Potter"]
[Result "1/2-1/2 "]
[ECO "C77"]
[WhiteElo "2479"]
[BlackElo "2490"]
[WhiteEngine "asmFishW_2017-11-19_bmi2"]
[BlackEngine "Stockfish_18011309_x64_bmi2_CTG"]
[EventType "Swiss"]
[WhiteTeam ""]
[BlackTeam ""]
[PlyCount "175"]
[TimeControl "720+1"]

1. e4 e5 2. Nf3 Nc6 3. Bb5 a6 4. Ba4 Nf6 5. d3 Bc5 6. O-O b5 7. Bb3 d6 8. c3 O-O 
9. h3 h6 10. Nbd2 Bb6 11. Re1 Ne7 12. Nf1 c5 13. Be3 Ng6 14. Ng3 d5 15. d4 exd4 
16. cxd4 Nxe4 17. dxc5 Nxc5 18. Bc2 Bb7 19. Bd4 Ne4 20. Nxe4 dxe4 21. Bxe4 Bxe4 
22. Rxe4 Qd5 23. Re1 Ba5 24. Re3 Nf4 25. a4 Rfd8 26. Qf1 Bd2 27. Re5 Nxh3+ 
28. Kh1 Qb7 29. axb5 axb5 30. Rxa8 Qxa8 31. Qxb5 Bf4 32. Re1 Qc8 33. Bb6 Qb7 
34. Re8+ Rxe8 35. Qxe8+ Kh7 36. Bd4 Qd5 37. Qe2 Ng5 38. Nxg5+ hxg5 39. Bc3 Kg6 
40. f3 Kh6 41. g4 Qb3 42. Kg2 Kh7 43. Bd4 Bd6 44. Qe4+ Kg8 45. Qe8+ Bf8 
46. Bc3 Qc2+ 47. Kg3 Qd1 48. Kf2 Qc2+ 49. Kg3 Qd1 50. Kg2 Qc2+ 51. Kf1 Qb1+ 
52. Qe1 Qa2 53. Kg2 Qb3 54. Qe3 f6 55. Qd2 Bc5 56. Qe2 Ba7 57. Be1 Kf8 
58. Qd2 Kg8 59. Qe2 Kh7 60. Bf2 Bxf2 61. Kxf2 Qb6+ 62. Kg2 Qc5 63. Qd2 Qe5 
64. Qc2+ g6 65. Qd2 Kh6 66. b4 f5 67. gxf5 gxf5 68. Kf1 f4 69. Qe2 Qa1+ 
70. Kg2 Qb1 71. Qe6+ Kh5 72. Qf7+ Kh4 73. Qe7 Qc2+ 74. Kg1 Qd1+ 75. Kg2 Qb1 
76. Kf2 Kh5 77. Qe8+ Kh6 78. b5 Qc2+ 79. Qe2 Qb3 80. Kg2 g4 81. fxg4 f3+ 
82. Qxf3 Qb2+ 83. Kg3 Qxb5 84. Qe3+ Kh7 85. Qc3 Qd5 86. Qc2+ Kh6 87. Qc1+ Kg6 
88. Qb2 1/2-1/2

[Event "Thursday 18 January Rapid Engine Tour 12+1 Rounds 9 Starts 1600 ST"]
[Site "Infinity Chess"]
[Date "2018.1.18"]
[Round "4"]
[White "xeonrocks"]
[Black "Katzenmaier"]
[Result "1/2-1/2"]
[ECO "C53"]
[WhiteElo "2513"]
[BlackElo "2485"]
[WhiteEngine "asmFishW_CTG"]
[BlackEngine "S_XPrO.251117.x64.POPCNT_CTG"]
[EventType "Swiss"]
[WhiteTeam ""]
[BlackTeam ""]
[PlyCount "106"]
[TimeControl "720+1"]

1. e4 e5 2. Nf3 Nc6 3. Bc4 Bc5 4. c3 Nf6 5. d4 exd4 6. e5 d5 7. Bb5 Ne4 
8. cxd4 Bb6 9. O-O Bg4 10. a4 a5 11. Nc3 O-O 12. Bxc6 bxc6 13. h3 Bxf3 
14. Qxf3 Bxd4 15. Nxe4 dxe4 16. Qxe4 Re8 17. Qxc6 Rb8 18. Be3 Re6 19. Qc4 Rb4 
20. Qc2 Bxe5 21. Rad1 Qa8 22. b3 Bd6 23. Rfe1 h6 24. f3 Bg3 25. Bf2 Rc6 
26. Qd3 Rd6 27. Qc2 Rc6 28. Qb1 Bxf2+ 29. Kxf2 Rg6 30. Rd7 Qb8 31. Qd3 Rxb3 
32. Rd8+ Kh7 33. Qxg6+ Kxg6 34. Rxb8 Rxb8 35. Re5 Rb2+ 36. Kg3 Kf6 37. Rxa5 Ke7 
38. Ra8 Ra2 39. a5 Kd6 40. Ra7 g5 41. a6 h5 42. h4 gxh4+ 43. Kxh4 Rxg2 
44. Kxh5 Ra2 45. Ra8 c5 46. f4 c4 47. f5 Kc7 48. Ra7+ Kb6 49. Rxf7 c3 
50. Rb7+ Kxa6 51. Rc7 c2 52. Kg6 Kb6 53. Rc3 Kb5 1/2-1/2

[Event "Thursday 18 January Rapid Engine Tour 12+1 Rounds 9 Starts 1600 ST"]
[Site "Infinity Chess"]
[Date "2018.1.18"]
[Round "4"]
[White "Gilgamesch"]
[Black "NINJA_JENGKA"]
[Result "1-0"]
[ECO "B90"]
[WhiteElo "2492"]
[BlackElo "2440"]
[WhiteEngine "BrainFish_171005_x64_bmi2"]
[BlackEngine "Houdini 6_CTG"]
[EventType "Swiss"]
[WhiteTeam ""]
[BlackTeam ""]
[PlyCount "175"]
[TimeControl "720+1"]

1. e4 c5 2. Nf3 d6 3. d4 cxd4 4. Nxd4 Nf6 5. Nc3 a6 6. Be3 e5 7. Nb3 Be6 
8. Be2 Be7 9. O-O Nbd7 10. a4 Rc8 11. Re1 O-O 12. Bf3 Qc7 13. a5 Rfe8 14. Nd2 h6 
15. Nf1 Nh7 16. Ng3 Ndf6 17. Qd3 Qc4 18. Qxc4 Rxc4 19. Red1 Bf8 20. Be2 Rcc8 
21. Nf1 g6 22. Bc1 Nd7 23. Ne3 h5 24. Ra4 Nhf6 25. f3 Rc7 26. Bd2 Rec8 
27. Kf1 Nc5 28. Raa1 Ncd7 29. Be1 Bh6 30. Bf2 Bxe3 31. Bxe3 Ne8 32. Ra4 f5 
33. Rb4 Ndf6 34. exf5 gxf5 35. f4 e4 36. g3 Rd7 37. h3 Rc6 38. Bd4 Kf7 
39. Kf2 Ke7 40. Rb6 Rcc7 41. Rd2 Bc4 42. Bd1 Bf7 43. Ke1 Rc8 44. Rb4 Rc6 
45. b3 Kf8 46. Na4 Nd5 47. Rc4 Ne7 48. Nb6 Rd8 49. Rb4 Rc7 50. Ra4 Nc6 
51. Bb2 d5 52. g4 Ng7 53. Bf6 Rd6 54. Be5 Nxe5 55. fxe5 Rd8 56. gxf5 Nxf5 
57. Rxe4 Re7 58. e6 Bxe6 59. Rf4 Kg7 60. Bxh5 Ne3 61. Kf2 d4 62. Bg4 Bxg4 
63. hxg4 Kg6 64. Kf3 Rde8 65. Rdxd4 Nxc2 66. Rd6+ Re6 67. Rxe6+ Rxe6 68. Re4 Rd6 
69. Kf4 Rd1 70. Na4 Rd5 71. Rc4 Na3 72. Rb4 Nb5 73. Re4 Nd4 74. Nb6 Rd8 
75. b4 Kf7 76. Nc4 Rd5 77. Re5 Ne6+ 78. Kf5 Rd1 79. Ne3 Ng7+ 80. Kg5 Re1 
81. Re4 Ne6+ 82. Kf5 Nd8 83. g5 Rg1 84. Rg4 Rh1 85. Rd4 Nc6 86. Rd7+ Ne7+ 
87. Ke4 Ke6 88. Rxb7 1-0